Map: Magannatha LE

Players

ManlyManMeat

  • Race: Zerg Zerg
  • League: Master
  • Spawn Location: 5:00

SwissBam - Winner!

  • Race: Terran Terran
  • League: Diamond
  • Spawn Location: 11:00

VOD

Have the link to the VOD?

Description

Time

  • Played on: June 18, 2025, 6:54 a.m.
  • Length: 12:03
Show
View Real Time Build Order
Export as new Build Order

ManlyManMeat Zerg 

Build Orders: Hatch First 

Get SALT Encoding   

  12  0:01  Drone  
  13  0:12  Overlord  
  13  0:16  Drone  
  14  0:31  Drone  
  15  0:39  Drone  
  16  0:46  Drone  
  17  0:55  Drone, Hatchery  
  17  1:13  Spawning Pool  
  17  1:14  Drone, Extractor  
  16  1:25  Drone  
  17  1:37  Drone  
  18  1:41  Drone  
  19  1:48  Drone  
  20  1:59  Queen  
  22  2:03  Overlord  
  22  2:06  Queen  
  24  2:09  Zergling x2  
  24  2:11  Zergling x2  
  26  2:18  Metabolic Boost  
  26  2:24  Drone x2  
  28  2:32  Drone  
  28  2:33  Drone  
  30  2:42  Drone x2  
  32  2:45  Queen  
  34  2:53  Drone x2  
  36  3:03  Overlord  
  36  3:19  Hatchery  
  35  3:25  Zergling x8  
  35  3:26  Drone x4  
  43  3:54  Hatchery, Extractor  
  41  3:55  Extractor  
  41  4:01  Overlord  
  41  4:02  Overlord x2  
  40  4:11  Baneling Nest  
  39  4:19  Queen  
  39  4:21  Drone x4  
  39  4:22  Drone x2  
  39  4:24  Drone x3  
  50  4:35  Drone x2  
  52  4:50  Drone x3  
  55  4:53  Lair  
  55  4:58  Evolution Chamber  
  53  5:01  Evolution Chamber  
  53  5:06  Drone x4  
  53  5:07  Drone x2  
  58  5:09  Drone x3, Queen  
  58  5:10  Overlord  
  63  5:24  Zergling x6, Hatchery  
  64  5:43  Drone x4  
  64  5:44  Drone x2  
  70  5:56  Overlord  
  70  5:57  Overlord x5  
  70  5:59  Zerg Melee Weapons Level 1, Zerg Ground Armor Level 1  
  70  6:00  Centrifugal Hooks  
  70  6:01  Zergling x8  
  74  6:13  Roach Warren  
  74  6:16  Hatchery  
  72  6:19  Drone x4, Infestation Pit  
  72  6:24  Drone x3  
  72  6:25  Extractor  
  77  6:28  Drone x2  
  77  6:29  Drone  
  80  6:55  Drone x2  
  80  6:56  Drone x5  
  80  6:57  Overlord x4  
  80  7:00  Extractor  
  86  7:05  Roach x10  
  106  7:09  Glial Reconstitution  
  106  7:13  Hive  
  107  7:15  Drone x2  
  107  7:16  Drone  
  107  7:22  Spore Crawler  
  108  7:25  Spore Crawler  
  107  7:43  Overlord  
  106  7:45  Overseer  
  106  7:48  Overseer x2  
  106  7:50  Overseer  
  106  7:55  Roach x11  
  127  7:59  Drone x4  
  127  8:00  Extractor  
  127  8:05  Extractor, Roach x2  
  133  8:06  Extractor, Roach  
  126  8:29  Roach x3  
  126  8:30  Roach x7  
  146  8:38  Drone  
  147  8:44  Queen  
  147  8:48  Roach x4  
  157  8:51  Adrenal Glands  
  156  9:02  Roach x2  
  157  9:04  Overlord x3  
  157  9:05  Overlord x2  
  157  9:22  Roach x7  
  155  9:27  Overlord  
  155  9:28  Overlord x2  
  155  9:29  Overlord  
  155  9:30  Overlord  
  129  9:39  Zerg Ground Armor Level 2, Hydralisk Den  
  129  9:40  Zerg Missile Weapons Level 1  
  128  9:55  Spore Crawler  
  128  9:57  Spore Crawler  
  128  9:58  Spore Crawler  
  121  10:00  Spore Crawler  
  121  10:01  Spore Crawler  
  116  10:11  Spore Crawler  
  111  10:20  Spore Crawler x2  
  111  10:21  Roach, Spore Crawler  
  104  10:22  Roach x11  
  104  10:25  Spore Crawler  
  104  10:27  Spore Crawler x2  
  123  10:28  Queen  
  123  10:30  Queen  
  123  10:35  Spore Crawler  
  125  10:38  Spore Crawler  
  125  10:39  Spore Crawler  
  125  10:40  Spore Crawler  
  122  10:47  Hydralisk  
  122  10:48  Hydralisk x2  
  102  11:18  Hydralisk x5  
  86  11:24  Spore Crawler  
  85  11:26  Spore Crawler  
  82  11:34  Drone x3  
Show
View Real Time Build Order
Export as new Build Order

SwissBam Terran - Winner!

Build Orders:  

Get SALT Encoding   

  12  0:01  SCV  
  13  0:13  SCV  
  14  0:20  Supply Depot  
  14  0:25  SCV  
  15  0:42  SCV  
  16  0:44  Barracks  
  16  0:54  SCV  
  17  1:06  SCV  
  18  1:13  Command Center  
  18  1:20  SCV  
  19  1:31  Marine  
  20  1:33  Bunker  
  20  1:43  Orbital Command  
  20  1:46  Refinery  
  20  1:52  Supply Depot  
  20  1:59  Refinery  
  20  2:00  Marine  
  21  2:11  Engineering Bay  
  21  2:15  SCV  
  22  2:18  Marine  
  23  2:27  SCV  
  23  2:29  SCV  
  25  2:36  Marine  
  26  2:39  SCV  
  26  2:40  Factory  
  26  2:42  SCV  
  28  2:51  SCV  
  29  2:54  Marine, SCV  
  31  3:03  SCV  
  32  3:06  SCV  
  33  3:16  Command Center  
  33  3:17  SCV  
  34  3:20  SCV  
  34  3:23  Marine  
  36  3:45  SCV  
  36  3:46  Planetary Fortress  
  36  3:47  Neosteel Armor  
  37  3:51  Factory Tech Lab  
  37  3:52  Refinery x2  
  37  3:57  SCV  
  37  3:58  Supply Depot  
  37  4:01  Armory  
  38  4:09  SCV  
  39  4:15  Siege Tank  
  42  4:21  SCV  
  44  4:24  SCV  
  44  4:30  Supply Depot  
  44  4:34  SCV  
  44  4:36  SCV  
  46  4:46  SCV  
  46  4:47  Planetary Fortress  
  46  4:48  SCV  
  48  4:53  Drilling Claws, Widow Mine  
  48  4:58  SCV  
  51  5:00  Factory, SCV  
  52  5:07  Missile Turret, Starport  
  52  5:10  Missile Turret  
  52  5:11  SCV  
  52  5:13  SCV  
  54  5:23  SCV  
  54  5:25  SCV  
  54  5:27  Widow Mine  
  54  5:28  Hi-Sec Auto Tracking  
  58  5:30  Terran Vehicle And Ship Armor Level 1  
  58  5:35  SCV  
  58  5:37  SCV  
  58  5:38  Missile Turret, SCV  
  58  5:42  Missile Turret  
  61  5:47  SCV  
  61  5:49  Supply Depot, SCV, Widow Mine  
  65  5:50  SCV  
  65  5:52  Supply Depot  
  65  5:54  Factory Reactor  
  66  6:00  SCV  
  66  6:01  SCV  
  66  6:03  Refinery, SCV  
  69  6:06  Refinery  
  69  6:08  Missile Turret  
  69  6:10  Widow Mine  
  71  6:11  Starport Tech Lab  
  71  6:12  SCV  
  71  6:13  SCV  
  71  6:15  Fusion Core, SCV  
  74  6:20  Armory  
  74  6:24  SCV  
  75  6:25  SCV  
  75  6:27  SCV  
  75  6:30  Missile Turret  
  77  6:36  Missile Turret, Supply Depot, SCV  
  77  6:37  Supply Depot  
  77  6:38  SCV  
  79  6:47  Widow Mine x3  
  79  6:52  Starport  
  84  7:01  SCV  
  84  7:05  SCV x2  
  87  7:08  Widow Mine  
  87  7:09  Widow Mine  
  87  7:11  Battlecruiser  
  87  7:13  Terran Ship Weapons Level 1  
  87  7:14  Weapon Refit  
  97  7:21  Supply Depot x2  
  97  7:55  Starport Tech Lab  
  97  7:58  Terran Vehicle And Ship Armor Level 2  
  97  7:59  Command Center, Starport  
  97  8:02  Command Center  
  93  8:25  Widow Mine x2  
  93  8:26  Widow Mine  
  99  8:28  Battlecruiser x2  
  99  8:34  Supply Depot  
  111  8:35  Supply Depot x2  
  111  8:37  Supply Depot  
  111  8:39  Starport Tech Lab  
  111  8:40  Missile Turret  
  111  8:42  Missile Turret  
  111  8:47  Widow Mine x3  
  117  9:08  Widow Mine x3  
  123  9:10  Battlecruiser  
  121  9:29  Widow Mine  
  121  9:30  Widow Mine x2  
  121  9:32  Battlecruiser  
  121  9:33  Battlecruiser  
  133  10:10  Widow Mine x3  
  139  10:14  Battlecruiser  
  139  10:31  Widow Mine x2  
  143  10:37  Battlecruiser  
  147  10:51  Widow Mine  
  147  10:52  Battlecruiser, Widow Mine x2  
Tags
 
Matchup
TvZ
Replay Pack
Myownreplay2
Spawn Locations
Cross Positions
Add a new tag
Caveats
  • Supply blocks, unpowered buildings, or Contaminate may cause inaccurate times.
  • Supply counts are checked every 10 seconds.